 Dungeon Crawl Stone Soup version 0.23.1-37-gaa34b87b72 (webtiles) character file.

Game seed: 0

237120 Grim the Fencer (level 18, -12/171 HPs)
             Began as a Minotaur Berserker on Mar 11, 2019.
             Was an Elder of Trog.
             Mangled by a spark wasp (13 damage)
             ... on level 15 of the Dungeon on Mar 19, 2019.
             The game lasted 02:17:59 (40221 turns).

Grim the Fencer (Minotaur Berserker)               Turns: 40221, Time: 02:18:00

Health: -12/171    AC: 25    Str: 25    XL:     18   Next: 52%
Magic:  25/25      EV: 19    Int: 19    God:    Trog [****..]
Gold:   2356       SH:  0    Dex: 24    Spells: 17/17 levels left

rFire    . . .     SeeInvis .   P - +3 triple sword (vamp)
rCold    . . .     Gourm    .   (shield currently unavailable)
rNeg     . . .     Faith    +   G - +7 plate armour of Eternal Vigilance {*Corrode Int+3 Dex+8}
rPois    +         Spirit   .   s - +2 hat {Int+3}
rElec    .         Reflect  .   V - +0 cloak {+Inv}
rCorr    +         Harm     .   f - -4 pair of gloves of the Lute {Int+6 Stlth+} (curse)
MR       +....                  (no boots)
Stlth    ..........             j - amulet of faith
HPRegen  0.38/turn              I - ring of resist corrosion
MPRegen  0.19/turn              o - ring of poison resistance

@: heavily drained
A: retaliatory headbutt, hooves 1, horns 2, thin skeletal structure 1, strong 1,
wild magic 1
}: 2/15 runes: decaying, serpentine
a: Berserk, Trog's Hand, Brothers in Arms, Renounce Religion, Evoke Invisibility


You were on level 15 of the Dungeon.
You worshipped Trog.
Trog was greatly pleased with you.
You were not hungry.

You visited 6 branches of the dungeon, and saw 32 of its levels.
You also visited: Ossuary and Ice Cave.

You collected 3456 gold pieces.
You spent 1100 gold pieces at shops.

Inventory:

Hand Weapons
 r - a +6 antimagic great sword
 P - a +3 vampiric triple sword (weapon)
Armour
 d - a +1 pair of gloves
 f - the cursed -4 pair of gloves of the Lute (worn) {Int+6 Stlth+}
   (You found it on level 3 of the Snake Pit)

   It affects your intelligence (+6).
   It makes you more stealthy.
   It has a curse placed upon it.
 s - a +2 hat of intelligence (worn)
 G - the +7 plate armour of Eternal Vigilance (worn) {*Corrode Int+3 Dex+8}
   (You found it on level 6 of the Dungeon)

   It affects your intelligence (+3).
   It affects your dexterity (+8).
   It may corrode you when you take damage.
 V - a +0 cloak of invisibility (worn)
Jewellery
 j - an amulet of faith (around neck)
 o - a ring of poison resistance (right hand)
 z - the ring "Cizilatz" {Ice *Corrode *Slow rElec rPois}
   (You acquired it on level 2 of the Snake Pit)

   [ring of ice]

   It enhances your ice magic.
   It makes you vulnerable to fire.
   It protects you from cold.
   It insulates you from electricity.
   It protects you from poison.
   It may corrode you when you take damage.
   It may slow you when you take damage.
 D - an uncursed ring of positive energy
 I - a ring of resist corrosion (left hand)
 J - an uncursed ring of protection from cold
 L - an uncursed ring of flight
 W - an uncursed ring of protection from fire
 Y - an uncursed ring of see invisible
Wands
 a - a wand of random effects (11)
 n - a wand of acid (20)
 w - a wand of iceblast (16)
 x - a wand of disintegration (28)
 K - a wand of flame (75)
Scrolls
 b - a scroll of fog
 e - 18 scrolls of remove curse
 g - 5 scrolls of enchant armour
 m - 4 scrolls of teleportation
 y - 3 scrolls of immolation
 E - 4 scrolls of enchant weapon
 H - 3 scrolls of magic mapping
 N - a scroll of noise
 Q - a scroll of identify
 R - a scroll of silence
Potions
 h - 7 potions of brilliance
 i - 2 potions of ambrosia
 p - 2 potions of heal wounds
 q - 7 potions of berserk rage
 u - 16 potions of curing
 v - 5 potions of might
 A - 3 potions of flight
 B - a potion of resistance
 M - a potion of invisibility
 T - 2 potions of cancellation
Miscellaneous
 F - a lamp of fire
 O - a phantom mirror
 X - a lightning rod (4/4)
Comestibles
 c - 26 rations


   Skills:
 + Level 17.7(15.8) Fighting
 - Level 20.0(17.9) Long Blades
 + Level 17.7(15.8) Armour
 - Level 16.5(14.6) Dodging
   Level 4.8(3.3) Shields
 - Level 10.9(9.3) Evocations


You had 17 spell levels left.
You didn't know any spells.
Your spell library was empty.

Dungeon Overview and Level Annotations

Branches:
Dungeon (15/15)            Temple (0/1) D:4            Lair (6/6) D:9
  Swamp (4/4) Lair:4        Snake (4/4) Lair:2        Slime (0/5) Lair:6
    Orc (2/2) D:9             Elf (0/3) Orc:2        Vaults (0/5) D:13
 Depths (1/5) D:15

Altars:
Ashenzari
Dithmenos
Elyvilon
Gozag
Hepliaklqana
Kikubaaqudgha
Nemelex Xobeh
Okawaru
Qazlal
Sif Muna
Trog
Vehumet
Xom
Yredelemnul
The Shining One
Jiyva

Shops:
D:6 ([*?=   D:10 [   Orc:2 }%=*   Snake:2 }=:}=(   Snake:3 (

Portals:
Hell: Depths:1

Annotations:
D:7 2 runed translucent doors
Lair:4 2 transporters, Aricsoirch's ghost, journeyman GrFi
Snake:2 1 runed translucent door, P0WERM0DE's ghost, journeyman DDFi; Tutankhamun's ghost, adept MiFi
Snake:3 Yrghoe Jijamo's ghost, adept DrCj


Innate Abilities, Weirdness & Mutations

You reflexively headbutt those who attack you in melee.
You have a pair of horns on your head.
You have large cloven feet.
You have a somewhat thin skeletal structure. (Dex +2, Stealth)
Your muscles are strong. (Str +2)
Your spells are a little harder to cast, but a little more powerful.


Message History

The spark wasp bursts into living lightning!
The living lightning hits you!
* * * LOW HITPOINT WARNING * * *
The living lightning hits you!!
* * * LOW HITPOINT WARNING * * *
The spark wasp blinks!
The spark wasp misses you. You furiously retaliate!
You headbutt the spark wasp!
The spark wasp stings you but does no damage.
You are too injured to fight recklessly!
You are too injured to fight recklessly!
Unknown command.
You are too injured to fight recklessly!
Unknown command.
You closely miss the spark wasp. You kick the spark wasp.
You headbutt the spark wasp, but do no damage.
The spark wasp is almost dead.
The spark wasp stings you!
* * * LOW HITPOINT WARNING * * *
The spark wasp shocks you!
You die...

#..# #..#####.##..# #.##..# #.
#..# #........##..# #.##..# #.
#..## #........##..# #.##..# #.
#..(###........##..# #.##..###.
##....##........##..# #.##..|...
#......########.##..###.........
##..8.###.....##................
####...##......y##.......###.....
...##.....#####.@###....)# #.....
#########......y## #.....# #.....
#..####.....### #.....# #.....
#..##.#######.# #.....# #.....
#..##.........# #.....# #.....
#..##.........# #.....# #.....
#..##.........# #.....# #.....
#..##.........# #.....# #.....
#..##.........# #.....# #.....


You could see 2 spark wasps.

Vanquished Creatures
  the Lernaean hydra (Swamp:4)
  Vashnia (Snake:3)
  Jorgrun (Swamp:1)
  Rupert (Lair:5)
  Frances (Swamp:2)
  3 thorn hunters
  The ghost of Seits the Bludgeoner, an adept MiFi of the Shining One (Snake:4)
  Agnes (D:15)
  Donald (Orc:2)
  A nagaraja (Snake:2)
  Louise (Snake:1)
  Aizul (Swamp:2)
  The ghost of P0WERM0DE the Pandemonic, a journeyman DDFi of Makhleb (Snake:3)
  A stone giant (Orc:1)
  5 dire elephants (Lair:6)
  A spark wasp (Depths:1)
  Snorg (Lair:5)
  Harold (D:7)
  An ogre mage (D:15)
  A fire dragon (D:15)
  20 hydras
  12 naga warriors
  2 vault guards (D:13)
  2 ice dragons
  2 ghost crabs
  14 anacondas
  10 two-headed ogres
  A shambling mangrove (Swamp:4)
  A centaur warrior (D:6)
  A death knight (D:12)
  12 alligators
  5 orc high priests (Orc:2)
  17 naga sharpshooters
  5 shock serpents
  5 sea snakes (Snake:2)
  3 spriggan druids (Swamp:3)
  A gelid demonspawn (Depths:1)
  8 naga ritualists
  4 unseen horrors
  A lindwurm (Lair:6)
  A wizard (D:13)
  11 swamp dragons
  A necromancer (D:13)
  8 mana vipers
  5 orc knights
  A wolf spider zombie (D:14)
  A mana viper (shapeshifter) (D:12)
  2 deep elf magi (D:11)
  6 salamanders
  2 cyclopes (D:13)
  2 manticores
  2 orc sorcerers (Orc:1)
  12 ugly things
  Joseph (D:8)
  36 black mambas
  21 elephants
  3 guardian serpents
  An orange demon (Depths:1)
  2 ice statues (IceCv)
  23 naga magi
  A centaur zombie (D:10)
  2 gargoyles (D:13)
  17 spiny frogs
  9 komodo dragons
  2 tengu conjurers (D:15)
  2 efreet
  3 freezing wraiths
  9 ice devils (IceCv)
  4 polar bears
  4 trolls
  A meliai (shapeshifter) (D:15)
  5 hornets
  Grinder (D:6)
  Prince Ribbit (D:8)
  3 slime creatures (Swamp:2)
  10 tyrant leeches
  4 bog bodies
  10 hippogriffs
  19 blink frogs
  4 spriggans
  2 shadows
  A vampire (D:14)
  3 wraiths
  Sigmund (D:2)
  A water elemental (Depths:1)
  6 wyverns
  A steam dragon (Lair:3)
  35 yaks
  19 humans (D:13)
  4 basilisks
  7 hungry ghosts
  6 wargs
  12 swamp worms
  18 vampire mosquitoes
  39 nagas
  A two-headed ogre zombie (D:9)
  5 insubstantial wisps (Swamp:1)
  4 acid dragons
  12 water moccasins
  Edmund (D:6)
  Duvessa (D:6)
  4 porcupines
  A hornet zombie (D:15)
  A slave (D:7)
  7 ice beasts
  6 sky beasts
  2 black bears (D:11)
  35 orc warriors
  6 phantoms
  21 swamp drakes
  9 centaurs
  3 necrophages
  2 wolves (Lair:4)
  12 ogres
  11 crocodiles
  6 big kobolds
  18 bullfrogs
  Dowan (D:6)
  2 water moccasin zombies (Ossuary)
  3 scorpions
  A troll zombie (D:9)
  13 killer bees
  13 electric eels
  7 wights
  6 howler monkeys
  8 crimson imps
  A quasit (D:10)
  7 hounds
  2 bullfrog zombies
  A gnoll shaman (D:4)
  32 orc priests
  A bullfrog skeleton (D:10)
  5 jellies
  5 centaur skeletons
  14 orc wizards
  8 worker ants
  6 ogre zombies (D:9)
  3 big kobold zombies (Ossuary)
  3 mummies
  18 gnolls
  13 adders
  4 shadow imps
  8 white imps (IceCv)
  5 ufetubi (IceCv)
  5 adder zombies (Ossuary)
  3 adder skeletons
  2 worms
  3 dart slugs
  5 leopard geckos
  104 orcs
  3 giant cockroaches
  4 gnoll zombies (Ossuary)
  38 goblins
  33 hobgoblins
  3 jackals (D:6)
  3 quokkas
  2 ball pythons
  5 bats
  6 frilled lizards
  A goblin skeleton (D:9)
  2 goblin zombies (D:9)
  A hobgoblin skeleton (D:9)
  9 hobgoblin zombies
  29 kobolds
  5 kobold zombies (Ossuary)
  2 orc skeletons (D:9)
  21 orc zombies
  10 rats
  2 briar patches (Swamp:3)
  3 plants
1221 creatures vanquished.

Vanquished Creatures (collateral kills)
  Nikola (Swamp:1)
  Nessos (Orc:2)
  A shambling mangrove (Swamp:1)
  2 anacondas
  A catoblepas (Lair:4)
  2 naga ritualists
  Pikel (D:7)
  2 mana vipers
  A salamander (Snake:2)
  5 elephants (Lair:4)
  Psyche (D:8)
  4 black mambas (Snake:2)
  A shadow (D:6)
  2 nagas (Snake:4)
  A warg (Orc:1)
  A soldier ant (D:15)
  2 orc warriors
  A slave (D:7)
  A swamp drake (Swamp:4)
  An ice beast (D:6)
  2 centaurs (D:12)
  A crocodile (Lair:4)
  2 big kobolds (D:6)
  A bullfrog (D:6)
  An electric eel (D:6)
  3 orc priests (Orc:2)
  3 orc wizards
  A shadow imp (D:15)
  3 orcs
  A goblin (D:6)
  A hobgoblin (D:6)
  A kobold (D:6)
52 creatures vanquished.

Vanquished Creatures (others)
  A reaper (IceCv)
  A hungry ghost (D:7)
  4 white imps (IceCv)
  2 ufetubi (IceCv)
  An ooze (D:7)
  2 orcs
  A briar patch (Swamp:3)
  2 fungi
  12 plants
26 creatures vanquished.

Grand Total: 1299 creatures vanquished

Notes
Turn   | Place    | Note
-------+----------+-------------------------------------------
     0 | D:1      | Grim the Minotaur Berserker began the quest for the Orb.
     0 | D:1      | Reached XP level 1. HP: 19/19 MP: 0/0
   143 | D:1      | Reached skill level 4 in Long Blades
   181 | D:1      | Reached XP level 2. HP: 16/26 MP: 1/1
   696 | D:1      | Reached skill level 5 in Long Blades
   696 | D:1      | Reached XP level 3. HP: 29/31 MP: 2/2
   986 | D:2      | Noticed Sigmund
   993 | D:2      | Killed Sigmund
   993 | D:2      | Reached skill level 7 in Long Blades
   993 | D:2      | Reached XP level 4. HP: 39/39 MP: 3/3
   993 | D:2      | Reached XP level 5. HP: 45/45 MP: 4/4
  1199 | D:2      | Reached ** piety under Trog
  1234 | D:2      | Found an opulent altar of Gozag.
  1424 | D:3      | Reached skill level 8 in Long Blades
  1433 | D:3      | Reached XP level 6. HP: 49/51 MP: 5/5
  1559 | D:3      | Found a sparkling altar of Nemelex Xobeh.
  1911 | D:3      | Found an ancient bone altar of Kikubaaqudgha.
  1915 | D:3      | Found a deep blue altar of Sif Muna.
  1917 | D:3      | Found a radiant altar of Vehumet.
  2040 | D:4      | Found a staircase to the Ecumenical Temple.
  2076 | D:4      | Found a shattered altar of Ashenzari.
  2100 | D:4      | Reached *** piety under Trog
  2230 | D:4      | Reached skill level 9 in Long Blades
  2443 | D:4      | Found a shadowy altar of Dithmenos.
  2519 | D:4      | Reached XP level 7. HP: 19/57 MP: 6/6
  3025 | D:5      | Entered Level 5 of the Dungeon
  3032 | D:4      | Reached skill level 10 in Long Blades
  3631 | D:5      | Reached skill level 5 in Fighting
  3769 | D:5      | Reached XP level 8. HP: 50/70 MP: 7/7
  3912 | D:5      | You fall through a shaft for 2 floors!
  3912 | D:7      | Noticed Harold
  3923 | D:7      | Killed Harold
  4009 | D:7      | Found a sand-covered staircase.
  4015 | D:7      | Reached **** piety under Trog
  4015 | D:7      | Reached XP level 9. HP: 75/81 MP: 8/8
  4019 | Ossuary  | Entered an ossuary
  4490 | D:7      | Noticed Pikel
  4503 | D:7      | Killed Pikel
  5156 | D:6      | Noticed Edmund
  5163 | D:6      | Killed Edmund
  5464 | D:6      | Found a transporter.
  5466 | D:6      | Found a stormy altar of Qazlal.
  5467 | D:6      | Found a bloodstained altar of Trog.
  5469 | D:6      | Noticed a centaur warrior
  5489 | D:6      | Found a transporter.
  5531 | D:6      | Found Jouqif's Jewellery Shop.
  5577 | D:6      | Found Curunyt's Magic Scroll Emporium.
  5591 | D:6      | Found a glowing golden altar of the Shining One.
  5596 | D:6      | Found Qiasik's General Store.
  5630 | D:6      | Found Iluotil's Antique Weapon Shop.
  5885 | D:6      | Got a slimy plate armour
  5920 | D:6      | Reached skill level 10 in Fighting
  5931 | D:6      | Identified the +7 plate armour of Eternal Vigilance
                  | {*Corrode Int+3 Dex+8} (You found it on level 6 of the
                  | Dungeon)
  5977 | D:6      | Found Issig's Armour Shoppe.
  6146 | D:6      | Noticed Dowan
  6146 | D:6      | Noticed Duvessa
  6154 | D:6      | Killed Duvessa
  6156 | D:6      | Killed Dowan
  6423 | D:6      | Reached skill level 5 in Armour
  6641 | D:6      | Reached ***** piety under Trog
  6768 | D:6      | Bought a dazzling long sword for 306 gold pieces
  6768 | D:6      | Identified the +4 long sword of Dismemberment {flame, Str+3
                  | Int+2} (You bought it in a shop on level 6 of the Dungeon)
  6783 | D:6      | Noticed Grinder
  6796 | D:6      | Killed Grinder
  6796 | D:6      | Reached XP level 10. HP: 78/93 MP: 9/9
  7030 | D:5      | Found a radiant altar of Vehumet.
  7362 | D:7      | Found a basalt altar of Yredelemnul.
  7441 | D:7      | Found a large runed translucent door.
  7441 | D:7      | Found a large runed translucent door.
  7450 | D:7      | Noticed a two-headed ogre
  7452 | D:7      | Noticed a two-headed ogre
  7497 | D:7      | Killed a two-headed ogre
  7497 | D:7      | Reached skill level 10 in Dodging
  7498 | D:7      | Found a large runed translucent door.
  7498 | D:7      | Found a large runed translucent door.
  7500 | D:7      | Killed a two-headed ogre
  7570 | D:7      | Found an iron altar of Okawaru.
  7849 | D:7      | Found a white marble altar of Elyvilon.
  8307 | D:8      | Noticed Joseph
  8315 | D:8      | Killed Joseph
  8316 | D:8      | Found a transporter.
  8381 | D:8      | Found a transporter.
  8437 | D:8      | Noticed a two-headed ogre
  8445 | D:8      | Killed a two-headed ogre
  8445 | D:8      | Reached skill level 10 in Armour
  8456 | D:8      | Noticed Psyche
  8462 | D:8      | Killed Psyche
  8462 | D:8      | Reached XP level 11. HP: 99/99 MP: 10/10
  8496 | D:8      | Noticed Prince Ribbit
  8506 | D:8      | Received a gift from Trog
  8517 | D:8      | Killed Prince Ribbit
  8548 | D:8      | Found a hazy altar of Hepliaklqana.
  8556 | D:8      | Reached skill level 1 in Evocations
  9208 | D:6      | Killed a centaur warrior
  9321 | D:9      | Reached skill level 11 in Long Blades
  9341 | D:9      | Found a staircase to the Lair.
  9404 | D:9      | Found a staircase to the Orcish Mines.
  9945 | D:9      | Gained mutation: You are agile. (Dex +2) [potion of
                  | mutation]
  9945 | D:9      | Gained mutation: You have a somewhat thin skeletal
                  | structure. (Dex +2, Stealth) [potion of mutation]
  9946 | D:9      | Lost mutation: You are agile. (Dex +2) [potion of mutation]
  9946 | D:9      | Gained mutation: Your muscles are strong. (Str +2) [potion
                  | of mutation]
  9946 | D:9      | Gained mutation: Your spells are a little harder to cast,
                  | but a little more powerful. [potion of mutation]
  9946 | D:9      | Gained mutation: You have large cloven feet. [potion of
                  | mutation]
  9978 | D:10     | Entered Level 10 of the Dungeon
  9983 | D:9      | Received a gift from Trog
 10057 | D:10     | Reached skill level 1 in Shields
 10428 | D:10     | Reached skill level 12 in Long Blades
 10607 | D:10     | Found Gippeul's Antique Armour Emporium.
 11013 | D:10     | Killed an unseen horror
 11013 | D:10     | Received a gift from Trog
 11013 | D:10     | Reached skill level 13 in Long Blades
 11654 | D:11     | Noticed a two-headed ogre
 11666 | D:10     | Killed a two-headed ogre
 11666 | D:10     | Reached XP level 12. HP: 99/106 MP: 12/12
 12053 | D:11     | Reached skill level 14 in Long Blades
 12448 | D:12     | Noticed a two-headed ogre
 12457 | D:12     | Killed a two-headed ogre
 12737 | D:12     | Reached skill level 15 in Long Blades
 12769 | D:12     | Noticed a death knight
 12778 | D:12     | Killed a death knight
 13119 | D:12     | Received a gift from Trog
 13713 | D:13     | Reached XP level 13. HP: 113/113 MP: 13/13
 13716 | D:13     | You fall through a shaft!
 13753 | D:14     | Reached skill level 16 in Long Blades
 14034 | D:14     | Found a white marble altar of Elyvilon.
 14469 | D:15     | Entered Level 15 of the Dungeon
 14644 | D:15     | Noticed Agnes
 14665 | D:15     | Killed Agnes
 15076 | D:15     | Noticed a fire dragon
 15222 | D:15     | Reached skill level 15 in Armour
 15474 | D:15     | Killed a fire dragon
 15529 | D:15     | Found a staircase to the Depths.
 15746 | Lair:1   | Entered Level 1 of the Lair of Beasts
 16440 | Lair:2   | Reached XP level 14. HP: 121/121 MP: 14/14
 16665 | Lair:2   | Found a staircase to the Snake Pit.
 17409 | Lair:3   | Received a gift from Trog
 17896 | Lair:4   | Found a transporter.
 17898 | Lair:4   | Noticed Aricsoirch's ghost (journeyman GrFi)
 17931 | Lair:4   | Found a transporter.
 18003 | Lair:4   | Found a staircase to the Swamp.
 18105 | Lair:4   | Found a frozen archway.
 18151 | IceCv    | Entered an ice cave
 18323 | IceCv    | Killed a reaper
 18509 | IceCv    | Got ichor-stained ice dragon scales
 18520 | IceCv    | Identified the +0 ice dragon scales of Unambiguity {*Drain
                  | +Blink rF- rC++ Str-2 Dex+8} (You found it in an ice cave)
 19112 | Lair:5   | Noticed Snorg
 19136 | Lair:5   | Killed Snorg
 19136 | Lair:5   | Reached skill level 15 in Dodging
 19344 | Lair:5   | Got a pitted scimitar
 19345 | Lair:5   | Identified the +7 scimitar of Olixkam {freeze, rElec Int+4
                  | Dex-5} (You found it on level 5 of the Lair of Beasts)
 19530 | Lair:5   | Noticed Rupert
 19543 | Lair:5   | Killed Rupert
 20116 | Lair:6   | Entered Level 6 of the Lair of Beasts
 20117 | Lair:6   | Found a staircase to the Slime Pits.
 20118 | Lair:6   | Found a viscous altar of Jiyva.
 20130 | Lair:6   | Found a shadowy altar of Dithmenos.
 20198 | Lair:6   | Reached XP level 15. HP: 131/134 MP: 15/15
 21523 | Lair:1   | Received a gift from Trog
 22168 | D:13     | Found a gate to the Vaults.
 22499 | Orc:1    | Entered Level 1 of the Orcish Mines
 22950 | Orc:1    | Received a gift from Trog
 23346 | Orc:2    | Entered Level 2 of the Orcish Mines
 23690 | Orc:2    | Reached skill level 5 in Evocations
 24010 | Orc:2    | Found a staircase to the Elven Halls.
 24053 | Orc:2    | Received a gift from Trog
 24084 | Orc:2    | Noticed Donald
 24085 | Orc:2    | Noticed Nessos
 24096 | Orc:2    | Killed Donald
 24104 | Orc:2    | Killed Nessos
 24569 | Orc:2    | Found Qutorof's Assorted Antiques.
 24572 | Orc:2    | Found Hulyamew's Food Shoppe.
 24573 | Orc:2    | Found Lifryni's Gadget Shoppe.
 24574 | Orc:2    | Found Uceim's Jewellery Emporium.
 24581 | Orc:2    | Bought a scroll labeled ORUSTU KIFI for 24 gold pieces
 25055 | Swamp:1  | Entered Level 1 of the Swamp
 25287 | Swamp:1  | Noticed Nikola
 25295 | Swamp:1  | Killed Nikola
 25295 | Swamp:1  | Reached skill level 15 in Fighting
 25295 | Swamp:1  | Reached XP level 16. HP: 127/149 MP: 18/20
 25397 | Swamp:1  | Noticed Jorgrun
 25413 | Swamp:1  | Killed Jorgrun
 25984 | Swamp:2  | Noticed Frances
 26029 | Swamp:2  | Killed Frances
 26140 | Swamp:2  | Noticed Aizul
 26157 | Swamp:2  | Killed Aizul
 26542 | Swamp:2  | Noticed a thorn hunter
 26554 | Swamp:2  | Killed a thorn hunter
 27541 | Swamp:3  | Noticed a thorn hunter
 27559 | Swamp:3  | Killed a thorn hunter
 27889 | Swamp:3  | Noticed a thorn hunter
 27898 | Swamp:3  | Killed a thorn hunter
 28585 | Swamp:4  | Entered Level 4 of the Swamp
 28638 | Swamp:4  | Received a gift from Trog
 28756 | Swamp:4  | Reached skill level 10 in Evocations
 29499 | Orc:2    | Bought a phantom mirror for 330 gold pieces
 29499 | Orc:2    | Bought a lightning rod (4/4) for 440 gold pieces
 30092 | Swamp:4  | Reached skill level 17 in Long Blades
 30270 | Swamp:4  | Noticed the 27-headed Lernaean hydra
 30283 | Swamp:4  | Killed the 27-headed Lernaean hydra
 30283 | Swamp:4  | Reached XP level 17. HP: 60/158 MP: 23/23
 30723 | Swamp:4  | Got a decaying rune of Zot
 31052 | Snake:1  | Entered Level 1 of the Snake Pit
 31718 | Snake:1  | Reached skill level 18 in Long Blades
 32554 | Snake:1  | Noticed Louise
 32569 | Snake:1  | Killed Louise
 32941 | Snake:2  | Identified 2 scrolls of acquirement
 32951 | Snake:2  | Got a transparent amber ring
 32953 | Snake:2  | Identified the ring "Cizilatz" {Ice *Corrode *Slow rElec
                  | rPois} (You acquired it on level 2 of the Snake Pit)
 32965 | Snake:2  | Found Qaofit Muisk's Gadget Emporium.
 32978 | Snake:2  | Received a gift from Trog
 33042 | Snake:2  | Reached skill level 19 in Long Blades
 33152 | Snake:2  | Found Ynourhaw's Book Boutique.
 33278 | Snake:2  | Found a runed translucent door.
 33279 | Snake:2  | Found a shimmering altar of Xom.
 33279 | Snake:2  | Noticed P0WERM0DE's ghost (journeyman DDFi)
 33303 | Snake:2  | Found Suroebam's Jewellery Shoppe.
 33303 | Snake:2  | Found Nanah's Gadget Shop.
 33305 | Snake:2  | Found Lesam's Jewellery Shoppe.
 33733 | Snake:2  | Found Soxty's Antique Weapon Shop.
 34123 | Snake:2  | Got an iridescent falchion
 34124 | Snake:2  | Identified the +7 falchion of Vusev {antimagic, rC++ MP-9}
                  | (You found it on level 2 of the Snake Pit)
 34681 | Snake:3  | Reached skill level 20 in Long Blades
 34928 | Snake:3  | Found a runed translucent gate.
 34928 | Snake:3  | Found a runed translucent gate.
 34928 | Snake:3  | Found a runed translucent gate.
 34930 | Snake:3  | Noticed Tutankhamun's ghost (adept MiFi)
 34930 | Snake:3  | Noticed Seits's ghost (adept MiFi)
 34931 | Snake:3  | Noticed P0WERM0DE's ghost (journeyman DDFi)
 34931 | Snake:3  | Noticed Yrghoe Jijamo's ghost (adept DrCj)
 35127 | Snake:2  | Received a gift from Trog
 35305 | Snake:2  | Reached XP level 18. HP: 89/168 MP: 0/25
 36026 | Snake:3  | Found Valajozi's Weapon Boutique.
 36432 | Snake:3  | Noticed Vashnia
 36492 | Snake:3  | Received a gift from Trog
 36803 | Snake:3  | Killed Vashnia
 37494 | Snake:3  | Killed P0WERM0DE's ghost
 37912 | Snake:3  | Got a pair of encrusted gloves
 37943 | Snake:4  | Entered Level 4 of the Snake Pit
 37954 | Snake:4  | Killed Seits's ghost
 37956 | Snake:4  | Received a gift from Trog
 38969 | Snake:4  | HP: 8/170 [poisoned by a naga warrior (splash of poison)]
 38974 | Snake:4  | HP: 8/170 [poisoned by a naga warrior (splash of poison)]
 39594 | Snake:4  | Got a serpentine rune of Zot
 39882 | Snake:3  | Identified the cursed -4 pair of gloves of the Lute {Int+6
                  | Stlth+} (You found it on level 3 of the Snake Pit)
 39887 | Snake:2  | Upgraded the game from 0.23.1 to 0.23.1-37-gaa34b87b72
 40192 | Depths:1 | Entered Level 1 of the Depths
 40192 | Depths:1 | Found a gateway to Hell.
 40217 | Depths:1 | HP: 4/171 [spark wasp (15)]
 40221 | D:15     | HP: 1/171 [spark wasp (17)]
 40221 | D:15     | Mangled by a spark wasp

Skill      XL: |  1  2  3  4  5  6  7  8  9 10 11 12 13 14 15 16 17 18 |
---------------+-------------------------------------------------------+-----
Long Blades    | 4 5 7 8 9 10 13 15 16 17 20 | 20.0
Fighting       | 5 8 10 12 15 16 17 | 17.7
Dodging        | 4 7 9 10 13 15 16 | 16.5
Armour         | 5 10 11 13 15 16 17 | 17.7
Evocations     | 2 6 10 | 10.9
Shields        | 4 |  4.8

Action                   |  1- 3 |  4- 6 |  7- 9 | 10-12 | 13-15 | 16-18 || total
-------------------------+-------+-------+-------+-------+-------+-------++-------
Melee: Falchion          |    53 |   110 |   401 |       |       |       ||   564
       Headbutt          |     6 |    23 |    88 |   190 |   420 |   433 ||  1160
       Long sword        |       |       |     8 |   546 |   462 |       ||  1016
       Kick              |       |       |       |   180 |   651 |   652 ||  1483
       Double sword      |       |       |       |       |   510 |   490 ||  1000
       Great sword       |       |       |       |       |       |   293 ||   293
       Triple sword      |       |       |       |       |       |   274 ||   274
Invok: Berserk           |     1 |     1 |    11 |     6 |     6 |     5 ||    30
       Trog's Hand       |       |     2 |    12 |     8 |    27 |    18 ||    67
       Brothers in Arms  |       |       |     3 |     4 |    14 |     6 ||    27
Evoke: Wand              |       |       |       |       |    13 |    20 ||    33
       Lamp of fire      |       |       |       |       |     1 |     3 ||     4
       Lightning rod     |       |       |       |       |       |     5 ||     5
       Phantom mirror    |       |       |       |       |       |     1 ||     1
  Use: Scroll            |       |       |       |    19 |    15 |    27 ||    61
       Potion            |       |       |       |     5 |     3 |    10 ||    18
 Stab: Distracted        |       |       |       |     1 |     1 |       ||     2
  Eat: Chunk             |       |     7 |    12 |    29 |    34 |    12 ||    94
       Ration            |       |       |     6 |     1 |     7 |    17 ||    31
Armor: Animal skin       |     1 |       |       |       |       |       ||     1
       Leather armour    |     5 |    27 |    51 |       |       |       ||    83
       Plate armour      |       |       |    61 |   243 |   359 |   674 ||  1337
       Ice dragon scales |       |       |       |       |     3 |       ||     3
Dodge: Dodged            |    24 |    65 |   231 |   351 |   901 |  1090 ||  2662
       Rpst.: Falchion   |     8 |    17 |    51 |       |       |       ||    76
       Long sword        |       |       |       |   104 |    94 |       ||   198
       Double sword      |       |       |       |       |   112 |    73 ||   185
       Great sword       |       |       |       |       |       |    76 ||    76
       Triple sword      |       |       |       |       |       |    48 ||    48
